 Dungeon Crawl Stone Soup version 0.19-a0-1320-g0178847 (webtiles) character file.

5180 Amnesiac the Grappler (level 10, -1/102 HPs)
             Began as a Troll Berserker on Aug 31, 2016.
             Was a Priest of Trog.
             Killed from afar by a manticore (15 damage)
             ... with a volley of spikes
             ... while paralysed
             ... on level 11 of the Dungeon.
             The game lasted 00:07:08 (3628 turns).

Amnesiac the Grappler (Troll Berserker)             Turns: 3628, Time: 00:07:09

Health: -1/102     AC:  8    Str: 26 (27) XL:     10   Next: 34%
Magic:  8/8        EV:  1    Int:  0 (3)  God:    Trog [***...]
Gold:   251        SH:  0    Dex: 11 (12) Spells: 0 memorised, 9 levels left

rFire  . . .     SeeInvis .       - Unarmed
rCold  . . .     Gourm    +     g - +2 robe {rN+}
rNeg   + . .     Faith    .     (no shield)
rPois  .         Spirit   .     (helmet restricted)
rElec  .         Dismiss  .     r - +0 cloak
rCorr  .         Reflect  .     (gloves unavailable)
MR     .....     Harm     .     (boots unavailable)
Stlth  +.........               (no amulet)
                                (no ring)
                                (no ring)

@: paralysed, manticore barbs, slowed, lost intelligence
A: unfitting armour, claws 3, fast metabolism 3, gourmand, low mp 1, mutation
resistance 1, regeneration 1, shaggy fur 1, tough skin 2
a: Berserk, Trog's Hand, Burn Spellbooks, Renounce Religion


You were on level 11 of the Dungeon.
You worshipped Trog.
Trog was most pleased with you.
You were very full.

You visited 2 branches of the dungeon, and saw 12 of its levels.

You collected 251 gold pieces.

Inventory:

Hand Weapons
 m - a +2 scimitar of flaming
 s - a +0 dagger of distortion
Armour
 g - a +2 robe of positive energy (worn)
 r - a +0 cloak (worn)
 E - a troll hide
Wands
 e - a wand of slowing (31/48)
 n - a wand of lightning (3/15)
Scrolls
 i - a scroll of magic mapping {unknown}
 k - 6 scrolls of identify {unknown}
 o - 2 scrolls of teleportation {unknown}
 u - a scroll of summoning {unknown}
 w - 2 scrolls of enchant weapon {unknown}
 y - a scroll of blinking {unknown}
 A - a scroll of random uselessness {unknown}
 D - 4 scrolls of remove curse
 F - a scroll of silence {unknown}
 H - 2 scrolls of recharging {unknown}
 I - a scroll of fear {unknown}
Potions
 a - a potion of invisibility {unknown}
 c - 2 potions of magic {unknown}
 d - 2 potions of degeneration
 f - 2 potions of lignification {unknown}
 j - 2 potions of resistance {unknown}
 l - a potion of haste {unknown}
 q - 4 potions of curing {unknown}
 t - a potion of might {unknown}
 z - a potion of agility {unknown}
 B - a potion of mutation {unknown}
Books
 p - a book of Unlife

   Spells                             Type                      Level
   a - Recall                         Summoning/Translocation      3
   b - Animate Dead                   Necromancy                   4
   c - Control Undead                 Necromancy                   4
   d - Cigotuvi's Embrace             Necromancy                   5
   e - Death Channel                  Necromancy                   6
   f - Simulacrum                     Ice/Necromancy               6
   Trog disapproves of the use of such an item.
 x - a book of Geomancy

   Spells                             Type                      Level
   a - Sandblast                      Earth                        1
   b - Passwall                       Transmutation/Earth          2
   c - Stone Arrow                    Conjuration/Earth            3
   d - Petrify                        Transmutation/Earth          4
   e - Lee's Rapid Deconstruction     Earth                        5
   Trog disapproves of the use of such an item.
Comestibles
 b - 6 bread rations
 h - 2 beef jerkies
 v - 2 meat rations
 C - 3 chunks of flesh
 G - 5 fruits


   Skills:
 + Level 7.0 Fighting
 + Level 6.9 Dodging
 * Level 11.1 Unarmed Combat


You had 9 spell levels left.
You didn't know any spells.

Dungeon Overview and Level Annotations

Branches:
Dungeon (11/15)            Temple (1/1) D:7            Lair (0/6) D:11
    Orc: D:9-12

Altars:
Cheibriados
Dithmenos
Nemelex Xobeh
Trog
Uskayaw

Annotations:
D:5 Amnesiac's ghost, novice TrBe
D:8 exclusions: ice statue and obsidian statue


Innate Abilities, Weirdness & Mutations

You are too large for most types of armour.
You have claws for hands.
Your metabolism is lightning-fast.
You like to eat raw meat.
Your natural rate of healing is unusually fast.
You are covered in fur. (AC +1)
You have very tough skin. (AC +2)
Your magical capacity is low. (-10% MP)
You are somewhat resistant to further mutation.


Message History

The barbed spikes become lodged in your body.
The manticore flicks its tail.
The volley of spikes hits you!
The barbed spikes become lodged in your body.
The manticore flicks its tail.
The volley of spikes hits you!
The barbed spikes become lodged in your body.
* * * LOW HITPOINT WARNING * * *
The manticore flicks its tail.
The volley of spikes hits you!
The barbed spikes become lodged in your body.
* * * LOW HITPOINT WARNING * * *
It was a potion of degeneration.
There was something very wrong with that liquid.
You feel weakened.
You feel dopey.
You have lost your intelligence.
You feel clumsy.
The manticore flicks its tail.
Helpless, you fail to dodge the volley of spikes.
The barbed spikes become lodged in your body.
You die...

#.... .. #.... ... ##+###
#..$ ... #....#
#####.######.## #....#
#.........:...# ##....#
#.............##
.'....###/.............#
##.....รท.$.....:@.H....#
#######.......>.......#
##..........?...#
#....)........+#
#...............
#...............
#######.........
########..


You could see a manticore.

Vanquished Creatures
  Erica (D:8)
  A hill giant (D:10)
  The ghost of 4thArraOfDagon the Grappler, a novice TrIE of Qazlal (D:8)
  Psyche (D:8)
  2 trolls
  The ghost of Amnesiac the Ruffian, an amateur TrBe of Trog (D:6)
  A wyvern (D:10)
  3 hippogriffs
  4 yaks (D:10)
  A porcupine (D:11)
  A phantom (D:8)
  A sky beast (D:9)
  3 wasps
  2 ice beasts
  An ogre (D:9)
  2 centaurs
  A water moccasin zombie (D:9)
  A scorpion (D:5)
  A howler monkey (D:9)
  4 crimson imps
  A quasit (D:9)
  A jelly (D:9)
  5 orc wizards
  2 orc priests
  3 hounds
  2 iguanas
  A hell rat (D:11)
  2 worker ants (D:10)
  5 adders
  A worm (D:2)
  2 dart slugs
  2 giant geckos
  12 orcs
  A bat (D:2)
  3 giant cockroaches
  2 hobgoblins (D:2)
  4 jackals (D:5)
  4 quokkas (D:11)
  2 giant newts (D:1)
  A quokka skeleton (D:4)
  A quokka zombie (D:10)
  4 rats
94 creatures vanquished.

Notes
Turn   | Place    | Note
-------+----------+-------------------------------------------
     0 | D:1      | Amnesiac the Troll Berserker began the quest for the Orb.
     0 | D:1      | Reached XP level 1. HP: 22/22 MP: 0/0
    81 | D:1      | You fall through a shaft!
    89 | D:2      | Reached XP level 2. HP: 20/29 MP: 1/1
   322 | D:4      | Reached XP level 3. HP: 37/37 MP: 2/2
   387 | D:4      | Reached skill level 4 in Unarmed Combat
   387 | D:4      | Reached XP level 4. HP: 31/45 MP: 3/3
   484 | D:5      | Entered Level 5 of the Dungeon
   484 | D:5      | Noticed an ice beast
   491 | D:5      | Noticed Amnesiac's ghost (novice TrBe)
   491 | D:5      | Reached XP level 5. HP: 53/53 MP: 4/4
   495 | D:5      | Killed an ice beast
   495 | D:5      | Reached skill level 5 in Unarmed Combat
   689 | D:4      | Reached XP level 6. HP: 53/61 MP: 5/5
   726 | D:5      | Reached ** piety under Trog
   862 | D:6      | Noticed Amnesiac's ghost (amateur TrBe)
   869 | D:6      | Killed Amnesiac's ghost
   942 | D:6      | Reached skill level 6 in Unarmed Combat
   942 | D:6      | Reached XP level 7. HP: 70/70 MP: 6/6
  1074 | D:7      | Noticed a hippogriff
  1081 | D:7      | Killed a hippogriff
  1141 | D:7      | Found a staircase to the Ecumenical Temple.
  1150 | Temple   | Entered the Ecumenical Temple
  1177 | D:8      | Noticed Erica
  1192 | D:8      | Killed Erica
  1192 | D:8      | Reached skill level 5 in Fighting
  1192 | D:8      | Reached skill level 5 in Dodging
  1192 | D:8      | Reached skill level 7 in Unarmed Combat
  1192 | D:8      | Reached XP level 8. HP: 78/80 MP: 7/7
  1284 | D:8      | Noticed an obsidian statue
  1310 | D:8      | Noticed 4thArraOfDagon's ghost (novice TrIE)
  1319 | D:8      | Killed 4thArraOfDagon's ghost
  1319 | D:8      | Reached skill level 8 in Unarmed Combat
  1361 | D:8      | HP: 4/80 [poisoned by a wasp]
  1366 | D:8      | HP: 2/80 [poisoned by a wasp]
  1371 | D:8      | HP: 2/80 [poisoned by a wasp]
  1376 | D:8      | HP: 3/80 [poisoned by a wasp]
  1565 | D:8      | Found a shadowy altar of Dithmenos.
  1571 | D:8      | Found a hide-covered altar of Uskayaw.
  1571 | D:8      | Found a bloodstained altar of Trog.
  1572 | D:8      | Found a snail-covered altar of Cheibriados.
  1572 | D:8      | Found a sparkling altar of Nemelex Xobeh.
  1731 | D:8      | Noticed Psyche
  1732 | D:8      | Reached XP level 9. HP: 88/88 MP: 8/8
  1746 | D:8      | Killed Psyche
  1746 | D:8      | Reached skill level 9 in Unarmed Combat
  1782 | D:8      | Noticed an ice statue
  2248 | D:9      | Noticed a troll
  2255 | D:9      | Killed a troll
  2366 | D:9      | Gained mutation: You are somewhat resistant to further mutation. [mutagenic meat]
  2372 | D:9      | Gained mutation: Your magical capacity is low. (-10% MP) [mutagenic meat]
  2378 | D:9      | Gained mutation: Your muscles are strong. (Str +2) [mutagenic meat]
  2381 | D:9      | Lost mutation: Your muscles are strong. (Str +2) [mutagenic meat]
  2766 | D:9      | Reached skill level 10 in Unarmed Combat
  2833 | D:10     | Entered Level 10 of the Dungeon
  2853 | D:10     | Reached *** piety under Trog
  2957 | D:10     | Reached XP level 10. HP: 95/100 MP: 8/8
  3108 | D:10     | Noticed a hill giant
  3113 | D:10     | Killed a hill giant
  3190 | D:10     | Reached skill level 11 in Unarmed Combat
  3589 | D:11     | Found a staircase to the Lair.
  3614 | D:11     | Noticed a manticore
  3628 | D:11     | Lost intelligence.
  3628 | D:11     | Killed from afar by a manticore

Vault maps used:
D:1:      saegor_arrival_simple_d, minmay_bisected
D:2:      first_bread
D:3:      grunt_temple_overflow_order_and_chaos_2, solitary_fountain
D:4:      led_sif_pool, makhleb_blood_cavern_becter, uniq_sigmund
D:5:      nicolae_qazlal_general_emergency
D:6:      uniq_duvessa, uniq_menkaure
D:7:      grunt_livestock, minmay_misc_feat_room
D:8:      minmay_separated_statues, minitemple, uniq_psyche, uniq_erica
D:11:     dpeg_lair_monsters, uniq_grum
Temple:   nicolae_temple_god_jail

Skill      XL: |  1  2  3  4  5  6  7  8  9 10 |
---------------+-------------------------------+-----
Fighting       | 3 4 5 6 7 |  7.0
Unarmed Combat | 4 5 6 7 8 10 11 | 11.1
Dodging        | 3 5 6 |  6.9

Action                   |  1- 3 |  4- 6 |  7- 9 | 10-12 || total
-------------------------+-------+-------+-------+-------++-------
Melee: Unarmed           |    56 |    59 |   153 |    46 ||   314
       Punch             |     1 |       |     5 |     4 ||    10
Invok: Berserk           |     1 |     4 |     5 |     2 ||    12
  Use: Scroll            |     1 |       |     1 |       ||     2
       Potion            |       |       |       |     1 ||     1
 Stab: Sleeping          |       |     1 |       |     1 ||     2
  Eat: Chunk             |     7 |    11 |    31 |     8 ||    57
Armor: Animal skin       |    13 |       |       |       ||    13
       Robe              |    14 |    28 |    44 |    16 ||   102
Dodge: Dodged            |    21 |    31 |    66 |    22 ||   140
